 Dungeon Sprint DCSS version 0.26-a0-707-g31817bcca1 (webtiles) character file.

Game seed: 4757488752212010122

1127 sahdkjhfkaj the Zephyrmancer (level 8, 0/41 HPs)
             Began as a Tengu Air Elementalist on Oct 26, 2020.
             Was a Believer of Sif Muna.
             Shot with an arrow by a centaur warrior (21 damage)
             ... in the Dungeon (Sprint IX: "|||||||||||||||||||||||||||||").
             The game lasted 00:02:13 (750 turns).

sahdkjhfkaj the Zephyrmancer (TeAE)                  Turns: 750, Time: 00:02:14

Health: 0/41       AC:  4    Str: 11    XL:     8   Next: 35%
Magic:  2/20       EV: 17    Int: 19    God:    Sif Muna [**....]
Gold:   0          SH:  0    Dex: 14    Spells: 10/22 levels left

rFire    . . .     SeeInvis .   l - +2 scimitar (holy)
rCold    . . .     Faith    .   (no shield)
rNeg     . . .     Spirit   .   a - +0 robe
rPois    .         Reflect  .   (helmet restricted)
rElec    .         Harm     .   b - +0 cloak
rCorr    .         Rampage  .   o - +0 pair of gloves
MR       .....     NoTele   +   (boots unavailable)
Stlth    ++........             (no amulet)
HPRegen  0.13/turn              m - +2 ring of evasion
MPRegen  0.17/turn              n - +3 ring of strength

@: flying quickly and evasively, quick
A: beak, talons 3, able to fly
a: Stop Flying, Channel Magic, Renounce Religion


You were in the Dungeon.
You worshipped Sif Muna.
Sif Muna was pleased with you.
You visited 1 branch

Inventory:

Hand Weapons
 l - a +2 scimitar of holy wrath (weapon)
Armour
 a - a +0 robe (worn)
 b - a +0 cloak (worn)
 o - a +0 pair of gloves (worn)
Jewellery
 m - a +2 ring of evasion (left hand)
 n - a +3 ring of strength (right hand)
Wands
 k - a wand of acid (8)
Scrolls
 h - 2 scrolls of blinking {!r}
 i - 3 scrolls of remove curse {!r}
 j - a scroll of amnesia {!r}
Potions
 c - 5 potions of curing {!q}
 d - a potion of invisibility {!q}
 e - a potion of haste {!q}
 f - 4 potions of magic {!q}
 g - 2 potions of heal wounds {!q}


   Skills:
 - Level 2.1 Dodging
 - Level 2.0 Stealth
 + Level 7.5 Spellcasting
 * Level 14.4 Conjurations
 * Level 14.4 Air Magic


You had 10 spell levels left.
You knew the following spells:

 Your Spells              Type           Power        Failure   Level
a - Lightning Bolt        Conj/Air       ######....   1%          5
s - Static Discharge      Conj/Air       ######..     1%          3
x - Airstrike             Air            ######....   1%          4

Your spell library contained the following spells:

 Spells                   Type           Power        Failure   Level
 Shock                    Conj/Air       ####         1%          1
 Swiftness                Air            ######..     1%          2


Dungeon Overview and Level Annotations

Branches:
Dungeon (1/1)

Altars:
Cheibriados
Dithmenos
Elyvilon
Fedhas
Gozag
Hepliaklqana
Kikubaaqudgha
Makhleb
Nemelex Xobeh
Okawaru
Qazlal
Ru
Sif Muna
Trog
Uskayaw
Vehumet
Wu Jian
Xom
Yredelemnul
Zin
The Shining One
Beogh
Jiyva
Lugonu


Innate Abilities, Weirdness & Mutations

You have a beak for a mouth.
You have claws for feet.
You can fly continuously.


Message History

The bolt of lightning hits the centaur warrior!
The centaur warrior is heavily wounded.
The bolt of lightning misses the wyvern.
The bolt of lightning hits the manticore!!
You kill the manticore!
Sif Muna accepts your kill.
Your Spellcasting skill increases to level 7!
Your Conjurations skill increases to level 14!
Your Air Magic skill increases to level 14!
You have reached level 8!
You feel clever.
The bolt of lightning hits the tengu warrior!!
The tengu warrior is almost dead.
The bolt of lightning hits the phantom!
The phantom is heavily damaged.
The centaur warrior shoots an arrow.
The arrow hits you!
* * * LOW HITPOINT WARNING * * *
The centaur warrior shoots an arrow.
The arrow hits you!!
Ouch! That really hurt!
You die...

▓.▓
▓.▓
▓W▓
▓Q▓
▓l▓
▓c▓
▓'▓
▓@▓
▓.▓
▓.▓
▓.▓
▓.▓
▓(▓
▓'▓
▓.▓
▓.▓


You could see a tengu warrior, a centaur warrior, a phantom and a wyvern.

Vanquished Creatures
  A manticore (D)
  2 trolls (D)
  An ice beast (D)
  A centaur (D)
  A big kobold (D)
  A jelly (D)
  2 adders (D)
  2 white imps (D)
  An adder skeleton (D)
  A bat zombie (D)
  A giant cockroach (D)
  A goblin (D)
  2 kobolds (D)
  A rat (D)
18 creatures vanquished.

Notes
Turn   | Place    | Note
-------+----------+-------------------------------------------
     0 | D        | sahdkjhfkaj the Tengu Air Elementalist began the quest for
                  | the Orb.
     0 | D        | Reached XP level 1. HP: 10/10 MP: 4/4
    64 | D        | Noticed a centaur
    68 | D        | Reached skill level 5 in Conjurations
    68 | D        | Reached skill level 5 in Air Magic
    68 | D        | Reached XP level 2. HP: 15/15 MP: 0/6
    81 | D        | Reached XP level 3. HP: 17/19 MP: 0/8
    84 | D        | Killed a centaur
    84 | D        | Reached XP level 4. HP: 21/24 MP: 0/11
   294 | D        | Learned a level 3 spell: Static Discharge
   299 | D        | Found a roughly hewn altar of Beogh.
   299 | D        | Found a snail-covered altar of Cheibriados.
   299 | D        | Found a shadowy altar of Dithmenos.
   299 | D        | Found a white marble altar of Elyvilon.
   299 | D        | Found a blossoming altar of Fedhas.
   299 | D        | Found an opulent altar of Gozag.
   300 | D        | Found a hazy altar of Hepliaklqana.
   301 | D        | Found a viscous altar of Jiyva.
   302 | D        | Found an ancient bone altar of Kikubaaqudgha.
   303 | D        | Found a corrupted altar of Lugonu.
   304 | D        | Found a burning altar of Makhleb.
   305 | D        | Found a sparkling altar of Nemelex Xobeh.
   306 | D        | Found an iron altar of Okawaru.
   307 | D        | Found a stormy altar of Qazlal.
   308 | D        | Found a sacrificial altar of Ru.
   309 | D        | Found a shimmering blue altar of Sif Muna.
   310 | D        | Found a bloodstained altar of Trog.
   311 | D        | Found a hide-covered altar of Uskayaw.
   312 | D        | Found a radiant altar of Vehumet.
   313 | D        | Found an ornate altar of the Wu Jian Council.
   314 | D        | Found a shimmering altar of Xom.
   315 | D        | Found a basalt altar of Yredelemnul.
   316 | D        | Found a glowing silver altar of Zin.
   317 | D        | Became a worshipper of Sif Muna the Loreminder
   318 | D        | Found a glowing golden altar of the Shining One.
   363 | D        | Noticed an ice beast
   363 | D        | Noticed a big kobold
   363 | D        | Noticed a troll
   372 | D        | Killed a troll
   372 | D        | Reached skill level 5 in Spellcasting
   372 | D        | Gained mutation: You can fly continuously. [Tengu growth]
   372 | D        | Reached XP level 5. HP: 16/28 MP: 10/14
   372 | D        | Reached XP level 6. HP: 19/32 MP: 10/15
   372 | D        | Reached * piety under Sif Muna
   422 | D        | Learned a level 5 spell: Lightning Bolt
   537 | D        | Learned a level 4 spell: Airstrike
   541 | D        | Killed an ice beast
   541 | D        | Reached XP level 7. HP: 24/36 MP: 0/17
   667 | D        | Reached ** piety under Sif Muna
   747 | D        | Noticed a tengu warrior
   747 | D        | Noticed a manticore
   747 | D        | Noticed a wyvern
   747 | D        | Noticed a centaur warrior
   747 | D        | Noticed a troll
   749 | D        | Killed a troll
   750 | D        | Killed a manticore
   750 | D        | Reached XP level 8. HP: 38/41 MP: 2/20
   750 | D        | Shot with an arrow by a centaur warrior

Illustrated notes

Levels and vault maps discovered:
D:        linesprint [early_d, line_temple, items_1, d_10, items_2, lair_1,
          lair_end, items_3, orc_1, orc_end, items_4, d_15, swamp_1, shoals_1,
          snake_1, spider_1, d_20, vaults_1, items_5, swamp_end, shoals_end,
          snake_end, spider_end, vaults_end, d_27, items_6, zot_1, zot_end,
          crypt_end, forest_end, elf_end, slime_end, tomb_end, abyss_end,
          pan_hell_end]

Skill      XL: |  1  2  3  4  5  6  7 |
---------------+----------------------+-----
Conjurations   | 5 6 8 11 12 14 | 14.4
Air Magic      | 5 6 8 11 12 14 | 14.4
Spellcasting   | 4 5 6 7 |  7.5
Dodging        | |  2.1
Stealth        | |  2.0

Action                   |  1- 3 |  4- 6 |  7- 9 || total
-------------------------+-------+-------+-------++-------
Melee: Kick              |     3 |       |       ||     3
       Unarmed           |     1 |       |       ||     1
       Dagger            |    12 |       |       ||    12
       Peck              |     1 |       |       ||     1
 Cast: Shock             |     9 |       |       ||     9
       Static Discharge  |       |     1 |     1 ||     2
       Airstrike         |       |     3 |     2 ||     5
       Lightning Bolt    |       |       |     3 ||     3
 Abil: Fly               |       |     1 |       ||     1
Evoke: Wand              |       |     2 |       ||     2
  Use: Potion            |     2 |       |       ||     2
       Scroll            |       |     1 |       ||     1
Armor: Robe              |     2 |       |     1 ||     3
Dodge: Dodged            |    18 |     6 |     2 ||    26
       Rpst.: Scimitar   |       |     1 |       ||     1

Table legend: (Time is in decaauts)
 A = Elapsed time spent in this place.
 B = Non-inter-level travel time spent in this place.
 C = Inter-level travel time spent in this place.
 D = Time resting spent in this place.
 E = Time spent auto-exploring this place.
 F = Levels seen in this place.
 G = Mean time per level.
                   A        B        C        D        E       F      G
               +--------+--------+--------+--------+--------+-----+--------+
         Total |    749 |    749 |      0 |    254 |    297 |   1 |  749.0 |
       Dungeon |    749 |    749 |      0 |    254 |    297 |   1 |  749.0 |
               +--------+--------+--------+--------+--------+-----+--------+

Top non-repeatable levels by time:
       D: 749 daAuts
